 Dungeon Crawl Stone Soup version 0.30.1-9-gdf580d7c3d (webtiles) character file.

Game seed: 6052751571136202889

253626 monsoonserge the Executioner (level 19, -9/189 HPs)
             Began as a Minotaur Berserker on Sept 30, 2023.
             Was the Champion of Trog.
             Shot with a bolt by a yaktaur captain (40 damage)
             ... on level 2 of the Vaults on Oct 1, 2023.
             The game lasted 02:16:50 (37447 turns).

monsoonserge the Executioner (Minotaur Berserker)  Turns: 37447, Time: 02:16:53

Health: -9/189     AC: 27    Str: 42    XL:     19   Next: 0%
Magic:  18/18      EV: 13    Int:  7    God:    Trog [******]
Gold:   2516       SH:  0    Dex: 15    Spells: 18/18 levels left

rFire   + + .        z - +5 Lochaber axe {reach-cleave, Poleaxe Drain}
rCold   + . .        (shield currently unavailable)
rNeg    + . .        o - +8 chain mail of the Dropbear {rF+ rC+ Str+3 Stlth-}
rPois   +            P - +2 hat
rElec   +            A - scarf {rC+ rF+}
rCorr   +            t - +2 pair of gloves
SInv    +            K - +2 pair of boots of True Grit {rPois Str+5}
Will    ++...        W - amulet of regeneration Stlth
                     p - ring "Arghuur" {rC- rN+ rCorr Str+6 Dex+3}
HPRegen 1.31/turn    Z - ring of Ywnu {rElec Will+ Int+3 SInv Stlth+}
MPRegen 0.16/turn

%: no passive effects
@: corroded, studying 2 skills
A: horns 2, retaliatory headbutt
}: 2/15 runes: decaying, serpentine
a: Renounce Religion, Berserk, Trog's Hand, Brothers in Arms


You were on level 2 of the Vaults.
You worshipped Trog.
Trog was exalted by your worship.
You visited 7 branches of the dungeon, and saw 33 of its levels.
You visited 1 bazaar.
You also visited: Sewer and Gauntlet.

You collected 4383 gold pieces.
You spent 1867 gold pieces at shops.

Inventory:

Hand Weapons
 z - the +5 Lochaber axe (weapon) {reach-cleave, Poleaxe Drain}
   (You bought it in a shop on level 2 of the Orcish Mines)

   Poleaxe:   It uses either Axes or Polearms skill, whichever is higher.
   Drain:     It drains your maximum health when unequipped.
 G - a +4 heavy demon whip
Missiles
 b - 30 boomerangs (quivered)
 c - 7 boomerangs of dispersal
 y - 4 silver javelins
 E - 3 throwing nets
 U - 8 curare-tipped darts
 V - 9 javelins
Armour
 f - a +2 cloak of poison resistance
 o - the +8 chain mail of the Dropbear (worn) {rF+ rC+ Str+3 Stlth-}
   (You found it on level 2 of the Snake Pit)

   Str:       It affects your strength (+3).
   rF:        It protects you from fire.
   rC:        It protects you from cold.
   Stlth:     It makes you less stealthy.
 t - a +2 pair of gloves (worn)
 A - a scarf of resistance (worn)
 K - the +2 pair of boots of True Grit (worn) {rPois Str+5}
   (You found it on level 1 of the Swamp)

   Str:       It affects your strength (+5).
   rPois:     It protects you from poison.
 P - a +2 hat (worn)
Jewellery
 p - the ring "Arghuur" (left hand) {rC- rN+ rCorr Str+6 Dex+3}
   (You found it in a Gauntlet)

   [ring of strength]

   Str:       It affects your strength (+6).
   Dex:       It affects your dexterity (+3).
   rC:        It makes you vulnerable to cold.
   rN:        It protects you from negative energy.
   rCorr:     It protects you from acid and corrosion.
 H - a ring of protection from cold
 L - a ring of poison resistance
 S - a +4 ring of slaying
 W - an amulet of regeneration (around neck)
 Z - the ring of Ywnu (right hand) {rElec Will+ Int+3 SInv Stlth+}
   (You bought it in a shop on level 4 of the Dungeon)

   [ring of see invisible]

   Int:       It affects your intelligence (+3).
   rElec:     It insulates you from electricity.
   SInv:      It lets you see invisible.
   Will:      It increases your willpower.
   Stlth:     It makes you more stealthy.
Wands
 r - a wand of roots (23)
 N - a wand of digging (19)
 O - a wand of charming (28)
 X - a wand of polymorph (13)
Scrolls
 a - 5 scrolls of blinking
 d - 4 scrolls of enchant armour
 h - 2 scrolls of brand weapon
 l - a scroll of silence
 m - 7 scrolls of magic mapping
 n - 9 scrolls of immolation
 u - 7 scrolls of fear
 w - 3 scrolls of summoning
 x - 4 scrolls of fog
 I - 5 scrolls of enchant weapon
 M - 2 scrolls of poison
 T - 15 scrolls of teleportation
Potions
 e - 6 potions of lignification
 g - 4 potions of heal wounds
 i - 26 potions of curing
 j - 6 potions of haste
 k - 3 potions of ambrosia
 q - 2 potions of mutation
 s - 4 potions of might
 v - 6 potions of attraction
 B - 5 potions of invisibility
 Q - 4 potions of cancellation
 R - a potion of resistance
 Y - a potion of flight
Miscellaneous
 C - a lightning rod (4/4)
 D - a phial of floods
 F - a box of beasts
 J - a tin of tremorstones (2/2)


   Skills:
 + Level 21.3 Fighting
 * Level 23.0(23.9) Axes
 - Level 11.7(18.7) Maces & Flails
 * Level 7.1 Throwing
 + Level 16.9 Armour
 + Level 6.0 Dodging
 + Level 5.2 Stealth
 - Level 13.0 Shields
 * Level 7.7 Evocations


You had 18 spell levels left.
You didn't know any spells.
Your spell library contained the following spells:

 Spells                   Type           Power      Damage    Failure   Level
 Beastly Appendage        Tmut           0%         N/A       67%         1
 Magic Dart               Conj           0%         1d3       67%         1
 Slow                     Hex            0%         N/A       67%         1
 Sting                    Tmut/Pois      0%         1d3       67%         1
 Call Imp                 Summ           0%         N/A       80%         2
 Ensorcelled Hibernation  Hex/Ice        0%         N/A       80%         2
 Searing Ray              Conj           0%         2d4       80%         2
 Sublimation of Blood     Necr           0%         N/A       80%         2
 Wereblood                Tmut           0%         N/A       80%         2
 Confusing Touch          Hex            0%         N/A       95%         3
 Dazzling Flash           Conj/Hex       0%         N/A       95%         3
 Hailstorm                Conj/Ice       0%         3d3       95%         3
 Ignite Poison            Fire/Tmut/Pois 0%         N/A       95%         3
 Mephitic Cloud           Conj/Pois/Air  0%         N/A       95%         3
 Ozocubu's Armour         Ice            0%         N/A       95%         3
 Spider Form              Tmut/Pois      0%         N/A       95%         3
 Summon Guardian Golem    Hex/Summ       0%         N/A       95%         3
 Vampiric Draining        Necr           0%         2d6       95%         3
 Volatile Blastmotes      Fire/Tloc      0%         2d10      95%         3
 Anguish                  Hex/Necr       0%         N/A       100%        4
 Animate Armour           Summ/Erth      0%         N/A       100%        4
 Fulminant Prism          Conj/Hex       0%         3d5       100%        4
 Iskenderun's Mystic Bla  Conj/Tloc      0%         2d3       100%        4
 Leda's Liquefaction      Hex/Erth       0%         N/A       100%        4
 Manifold Assault         Tloc           0%         N/A       100%        4
 Olgreb's Toxic Radiance  Pois           0%         N/A       100%        4
 Petrify                  Tmut/Erth      0%         N/A       100%        4
 Sticky Flame             Conj/Fire      0%         2d3       100%        4
 Summon Ice Beast         Ice/Summ       0%         N/A       100%        4
 Agony                    Necr           0%         N/A       100%        5
 Freezing Cloud           Conj/Ice/Air   0%         6-21      100%        5
 Lee's Rapid Deconstruct  Erth           0%         3d4*      100%        5
 Metabolic Englaciation   Hex/Ice        0%         N/A       100%        5
 Silence                  Hex/Air        0%         N/A       100%        5
 Summon Mana Viper        Hex/Summ       0%         N/A       100%        5
 Dispersal                Tloc           0%         N/A       100%        6
 Eringya's Noxious Bog    Tmut/Pois      0%         N/A       100%        6
 Simulacrum               Ice/Necr       0%         N/A       100%        6
 Statue Form              Tmut/Erth      0%         N/A       100%        6
 Malign Gateway           Summ/Tloc      0%         N/A       100%        7
 Orb of Destruction       Conj           0%         9d5       100%        7
 Spellforged Servitor     Conj/Summ      0%         N/A       100%        7
 Summon Hydra             Summ           0%         N/A       100%        7
 Disjunction              Tloc           0%         N/A       100%        8
 Ignition                 Fire           0%         3d3       100%        8
 Necromutation            Tmut/Necr      0%         N/A       100%        8
 Chain Lightning          Conj/Air       0%         N/A       100%        9
 Dragon's Call            Summ           0%         N/A       100%        9
 Fire Storm               Conj/Fire      0%         5d1       100%        9
 Shatter                  Erth           0%         3d5*      100%        9


Dungeon Overview and Level Annotations

Branches:
Dungeon (15/15)            Temple (1/1) D:4            Lair (5/5) D:9
  Swamp (4/4) Lair:2        Snake (4/4) Lair:3        Slime (0/5) Lair:4
    Orc (2/2) D:12            Elf (0/3) Orc:2        Vaults (2/5) D:14
 Depths (0/4) D:15          Sewer (visited)         Gauntlet (visited)
  Crypt: Vaults:2-3

Altars:
Ashenzari
Cheibriados
Dithmenos
Elyvilon
Fedhas
Gozag
Hepliaklqana
Kikubaaqudgha
Makhleb
Nemelex Xobeh
Okawaru
Qazlal
Ru
Sif Muna
Trog
Uskayaw
Vehumet
Wu Jian
Xom
Yredelemnul
Zin
The Shining One

Shops:
D:1 (   D:3 [   D:4 =   D:8 *   D:13 [   Orc:2 ([:*   Snake:1 *


Innate Abilities, Weirdness & Mutations

You have a pair of horns on your head.
You reflexively headbutt those who attack you in melee.


Message History

The deep troll claws you. x2; The deep troll bites you.
The deep troll claws you but does no damage. x2
The yaktaur captain shoots a bolt.
The bolt hits you.
You barely miss the deep troll. Your headbutt misses the deep troll.
The deep troll is heavily wounded.
You slice the deep troll!!
You kill the deep troll!
Trog accepts your kill. The deep troll bites you!
The deep troll completely misses you. The deep troll closely misses you.
The yaktaur captain shoots a bolt.
The bolt hits you!
You have reached level 19!
You barely miss the deep troll. You headbutt the deep troll.
The deep troll is heavily wounded.
The deep troll barely misses you.
The deep troll claws you but does no damage.
The deep troll claws you!
The yaktaur captain shoots a bolt.
The bolt hits you.
Unknown command.
You barely miss the deep troll.
The deep troll is heavily wounded.
The deep troll bites you!
* * * LOW HITPOINT WARNING * * *
The deep troll claws you but does no damage. x2
Unknown command.
You barely miss the deep troll. You headbutt the deep troll.
The deep troll is severely wounded.
The yaktaur captain shoots a bolt.
The bolt hits you!!
* * * LOW HITPOINT WARNING * * *
Unknown command.
Unknown command.
Press: ? - help, v - describe, . - travel
Here: a yaktaur captain, wielding a +0 arbalest The floor, spattered with blood.
Your deep troll goes berserk!
The deep troll closely misses you. You furiously retaliate!
You headbutt the deep troll!!
You kill the deep troll!
Trog accepts your kill.
The yaktaur captain shoots a bolt.
The bolt hits you!!!
You die...

#.$.# #.c.#
#...# +...+
#..c+ #.).#
..#######+#...#
..'...)@..c...#
..#..T†)<...<.#
#...........#
###'#########
#.. #.. #. #.


You could see a yaktaur captain and a friendly deep troll (summoned, berserk).

Vanquished Creatures
  Saint Roka (Snake:2)
  Vashnia (Snake:2)
  The ghost of Makhoz the Brawler, an adept TrFi of Qazlal (Snake:1)
  Asterion (Snake:1)
  Gastronok (D:12)
  2 thorn hunters
  Roxanne (Swamp:4)
  3 nagarajas (Snake:4)
  A fenstrider witch (Swamp:4)
  Donald (Snake:3)
  A deep elf sorcerer (Vaults:1)
  A frost giant (D:12)
  A vault warden (Vaults:1)
  The ghost of WaxSun the Severer, a journeyman FoCK of Xom (Lair:5)
  8 ironbound preservers
  An orc warlord (Orc:2)
  An ironbound thunderhulk (Vaults:1)
  A deep elf demonologist (Vaults:1)
  7 eleionomae
  5 bunyips
  A minotaur (Gauntlet)
  A crystal guardian (Vaults:1)
  A fire dragon (Lair:5)
  A great orb of eyes (Vaults:1)
  An ettin (D:14)
  3 entropy weavers
  2 rakshasas (D:13)
  Josephine (Orc:2)
  3 shambling mangroves
  A yaktaur captain (Vaults:2)
  A deep elf high priest (Vaults:1)
  A peacekeeper (Vaults:1)
  4 salamander tyrants
  A vault guard (D:14)
  A spriggan air mage (Swamp:2)
  3 ghost crabs
  16 hydras
  2 ironbound frosthearts (Vaults:1)
  Erolcha (Orc:1)
  10 alligators
  An ogre mage (Vaults:1)
  6 anacondas
  7 two-headed ogres
  2 boulder beetles
  11 naga warriors
  4 centaur warriors
  12 death yaks
  4 death knights
  2 catoblepae
  A deep troll earth mage (Vaults:1)
  3 orc high priests (Orc:2)
  12 naga sharpshooters
  A tengu warrior (D:11)
  7 spriggans
  9 shock serpents
  A skyshark (Lair:3)
  3 salamander mystics (Snake:4)
  A goliath frog (Swamp:2)
  A death drake (Swamp:4)
  7 spriggan druids
  3 naga ritualists
  8 skeletal warriors
  2 phantasmal warriors
  13 swamp dragons
  19 deep trolls
  2 ironbound convokers
  7 orc knights
  13 bog bodies
  A deep elf pyromancer (D:12)
  2 wizards
  3 necromancers
  14 ugly things
  5 lindwurms
  4 will-o-the-wisps
  5 mana vipers
  A manticore (D:12)
  5 orc sorcerers
  An iron dragon zombie (D:15)
  3 cyclopes
  A frost giant zombie (D:15)
  14 salamanders
  12 elephants
  A frost giant skeleton (D:15)
  4 vault sentinels (Vaults:1)
  6 gargoyles
  2 guardian serpents
  35 black mambas
  5 torpor snails (Lair:5)
  12 cane toads
  9 naga magi
  4 rime drakes
  7 komodo dragons
  An unseen horror (D:12)
  6 yaktaurs
  3 tengu conjurers
  2 efreet
  A freezing wraith (D:14)
  3 polar bears
  8 trolls
  3 bloated husks (Swamp:2)
  A polar bear (shapeshifter) (D:14)
  A meliai (D:11)
  A wolf spider simulacrum (D:12)
  Grinder (D:6)
  A tarantella (Vaults:2)
  19 hornets
  12 tyrant leeches
  12 blink frogs
  A spectral dream sheep (Lair:5)
  32 slime creatures
  A jumping spider (Gauntlet)
  Sigmund (D:2)
  3 shadows
  An ettin skeleton (D:15)
  2 vampires
  43 yaks
  2 wyverns
  10 wraiths
  5 basilisks
  A hog (shapeshifter) (D:14)
  10 vampire mosquitoes
  A redback (shapeshifter) (D:14)
  A steam dragon (D:7)
  4 redbacks
  38 nagas
  2 death yak simulacra (Lair:5)
  A spectral cane toad (Lair:5)
  2 acid dragons (D:11)
  4 wargs
  A naga (shapeshifter) (D:14)
  16 swamp worms
  The ghost of Psyclone the Cutter, an amateur OpVM (D:3)
  13 water moccasins
  38 orc warriors
  8 swamp drakes
  2 ice beasts
  3 sky beasts
  3 black bears
  3 ogres
  3 wolves (Lair:4)
  A phantom (D:5)
  13 centaurs
  12 bullfrogs
  A kobold brigand (D:7)
  A gnoll sergeant (D:7)
  4 scorpions
  16 wights
  2 electric eels (Lair:2)
  7 howler monkeys
  4 hounds
  A jelly (D:6)
  2 gnoll boudas
  22 orc priests
  A sleepcap (D:4)
  A hell rat (D:9)
  2 iguanas (D:6)
  23 orc wizards
  3 polar bear simulacra (Lair:4)
  A yak simulacrum (Lair:4)
  4 wolf simulacra (Lair:4)
  Robin (D:3)
  17 gnolls
  2 river rats
  16 adders
  3 white imps
  An ufetubus (D:4)
  A worm (D:5)
  A dart slug (D:3)
  81 orcs
  5 ball pythons
  5 bats
  6 endoplasms
  11 giant cockroaches
  18 goblins
  14 hobgoblins
  10 jackals
  10 kobolds
  9 quokkas
  15 frilled lizards
  5 rats
  3 river rat simulacra (Lair:4)
  A spectral orc (D:12)
  2 butterflies (Lair:5)
  2 spectral weapons (Snake:1)
1104 creatures vanquished.

Vanquished Creatures (collateral kills)
  A thorn hunter (Swamp:4)
  4 hydras (Swamp:4)
  2 swamp dragons (Swamp:4)
7 creatures vanquished.

Vanquished Creatures (others)
  A tyrant leech (Swamp:2)
  A bloated husk (Swamp:2)
  A hornet (Swamp:1)
  20 foxfires
  A spectral weapon (D:8)
24 creatures vanquished.

Grand Total: 1135 creatures vanquished

Notes
Turn   | Place    | Note
-------+----------+-------------------------------------------
     0 | D:1      | monsoonserge the Minotaur Berserker began the quest for the
                  | Orb.
     0 | D:1      | Reached XP level 1. HP: 19/19 MP: 0/0
    92 | D:1      | Found Feveasse's Antique Weapon Shoppe.
   194 | D:1      | Found a faded altar of an unknown god.
   239 | D:1      | Reached skill level 4 in Axes
   239 | D:1      | Reached XP level 2. HP: 27/27 MP: 1/1
   908 | D:2      | Reached XP level 3. HP: 34/34 MP: 2/2
  1298 | D:2      | Reached ** piety under Trog
  1356 | D:2      | Noticed Sigmund
  1361 | D:2      | Killed Sigmund
  1362 | D:2      | Reached XP level 4. HP: 44/44 MP: 3/3
  1362 | D:2      | Reached XP level 5. HP: 50/50 MP: 4/4
  1546 | D:2      | You fall into a shaft and drop 1 floor!
  1765 | D:3      | Found a transporter.
  1937 | D:3      | Noticed Robin
  1959 | D:3      | Killed Robin
  2052 | D:3      | Found Inenoe's Antique Armour Boutique.
  2068 | D:3      | Reached XP level 6. HP: 57/57 MP: 5/5
  2376 | D:3      | Found a transporter.
  2386 | D:3      | Noticed Psyclone's ghost (amateur OpVM)
  2689 | D:4      | Reached skill level 5 in Armour
  2937 | D:4      | Reached skill level 1 in Stealth
  2997 | D:4      | Found a staircase to the Ecumenical Temple.
  3013 | D:4      | Reached *** piety under Trog
  3018 | D:4      | Reached XP level 7. HP: 38/66 MP: 6/6
  3028 | Temple   | Entered the Ecumenical Temple
  3450 | D:1      | Bought a brightly glowing whip for 187 gold pieces
  3450 | D:1      | Identified the +2 whip "Pokenw Tobe" {spect, rN+ Int+3}
                  | (You bought it in a shop on level 1 of the Dungeon)
  3600 | D:4      | Reached skill level 1 in Maces & Flails
  3689 | D:4      | Found Tuwubono's Jewellery Boutique.
  3856 | D:5      | Entered Level 5 of the Dungeon
  4006 | D:5      | Identified the +3 kite shield of the Pits of Slime {rF+
                  | MP+9 Str-4}
  4188 | D:5      | Reached skill level 1 in Shields
  4190 | D:5      | Found a glowing drain.
  4218 | D:5      | Reached XP level 8. HP: 40/73 MP: 7/7
  4302 | Sewer    | Entered a sewer
  4529 | Sewer    | Reached **** piety under Trog
  5444 | D:6      | Found a shadowy altar of Dithmenos.
  5448 | D:6      | Reached skill level 5 in Maces & Flails
  5675 | D:6      | Noticed Grinder
  5703 | D:6      | Paralysed by Grinder for 4 turns
  5722 | D:6      | Killed Grinder
  5723 | D:6      | Reached XP level 9. HP: 73/81 MP: 8/8
  5756 | D:6      | Found an iron altar of Okawaru.
  5768 | D:6      | Reached skill level 5 in Shields
  6040 | D:6      | Found a sacrificial altar of Ru.
  6051 | D:6      | Found a bloodstained altar of Trog.
  6401 | D:7      | Reached ***** piety under Trog
  7284 | D:8      | Reached XP level 10. HP: 91/91 MP: 9/9
  7510 | D:8      | Found Utwyoz's Assorted Antiques.
  8020 | D:9      | Found a hide-covered altar of Uskayaw.
  8033 | D:9      | Noticed a death yak
  8034 | D:9      | Noticed a two-headed ogre
  8034 | D:9      | Noticed a death yak
  8035 | D:9      | Found a staircase to the Lair.
  8043 | D:9      | Noticed a two-headed ogre
  8100 | D:8      | Killed a death yak
  8284 | D:8      | Killed a two-headed ogre
  8359 | D:8      | Killed a death yak
  8360 | D:8      | Reached skill level 10 in Maces & Flails
  8524 | D:9      | Killed a two-headed ogre
  8605 | D:9      | Noticed a two-headed ogre
  8619 | D:9      | Killed a two-headed ogre
  8620 | D:9      | Reached skill level 10 in Fighting
  8620 | D:9      | Reached XP level 11. HP: 82/99 MP: 10/10
  8942 | D:9      | Noticed a death yak
  8971 | D:9      | Killed a death yak
  8984 | D:9      | Reached skill level 10 in Armour
  9160 | D:9      | Reached skill level 1 in Throwing
  9315 | D:10     | Entered Level 10 of the Dungeon
  9457 | Lair:1   | Entered Level 1 of the Lair of Beasts
  9614 | Lair:1   | Received a gift from Trog
 10191 | Lair:1   | You fall into a shaft and drop 1 floor!
 10370 | Lair:1   | Reached skill level 1 in Evocations
 10883 | Lair:2   | Reached XP level 12. HP: 104/112 MP: 11/11
 11510 | Lair:2   | Found a staircase to the Swamp.
 12676 | Lair:3   | Found a staircase to the Snake Pit.
 12891 | Lair:4   | Reached skill level 15 in Fighting
 13005 | Lair:4   | Reached XP level 13. HP: 94/126 MP: 12/12
 13531 | Lair:4   | Found a staircase to the Slime Pits.
 13820 | Lair:5   | Entered Level 5 of the Lair of Beasts
 14139 | Lair:5   | Reached ****** piety under Trog
 14472 | Lair:5   | Reached skill level 5 in Stealth
 14984 | Lair:5   | Found a runed translucent door.
 15021 | Lair:5   | Received a gift from Trog
 15230 | Lair:5   | Found a runed translucent gate.
 15230 | Lair:5   | Found a runed translucent gate.
 15230 | Lair:5   | Found a runed translucent gate.
 15238 | Lair:5   | Noticed WaxSun's ghost (journeyman FoCK)
 15305 | Lair:5   | Noticed a fire dragon
 15495 | Lair:5   | Reached skill level 15 in Armour
 15760 | Snake:1  | Entered Level 1 of the Snake Pit
 15771 | Snake:1  | Found the +8 autumn katana {manifold assault}
 15772 | Snake:1  | Found a runed translucent gate.
 15772 | Snake:1  | Found a runed translucent gate.
 15772 | Snake:1  | Found a runed translucent gate.
 15772 | Snake:1  | Noticed Makhoz's ghost (adept TrFi)
 16102 | Snake:1  | Reached XP level 14. HP: 85/143 MP: 13/13
 16831 | Snake:1  | Noticed Asterion
 16846 | Snake:1  | HP: 6/143 [+1 spectral demon trident[Asterion] (15)]
 17365 | D:3      | Killed Psyclone's ghost
 18324 | D:11     | Reached skill level 10 in Shields
 18431 | D:11     | Identified the amulet of Dism {RegenMP rPois Will- Int+3}
 18698 | D:11     | Identified the +0 leather armour of the Trilobite {Dex+2
                  | Slay+2 SInv}
 19189 | D:11     | Identified the +6 war axe of Putz {antimagic, rElec rN+
                  | Stlth+} (Trog gifted it to you on level 11 of the Dungeon)
 19189 | D:11     | Received a gift from Trog
 19888 | D:8      | Bought a fuming puce potion for 27 gold pieces
 20083 | Lair:5   | Killed WaxSun's ghost
 20097 | Lair:5   | Identified the staff of poison "Jehut" {rPois Str+4}
 20229 | Lair:5   | Reached skill level 5 in Evocations
 20465 | Snake:1  | Reached skill level 5 in Axes
 20595 | Snake:1  | Noticed a balrug
 20601 | Snake:1  | Killed Asterion
 20849 | Snake:1  | Found Ilekorot's Assorted Antiques.
 20855 | Snake:1  | Bought a scroll labelled JIANLOENLE for 30 gold pieces
 21175 | Snake:1  | Reached skill level 6 in Axes
 21758 | Snake:2  | Reached skill level 7 in Axes
 21845 | Snake:2  | Found a flickering gateway to a bazaar.
 21884 | Snake:2  | Identified the +8 chain mail of the Dropbear {rF+ rC+ Str+3
                  | Stlth-}
 21922 | Bazaar   | Entered a bazaar
 21924 | Bazaar   | Found Baly's General Store.
 21928 | Bazaar   | Found Nofrem's Assorted Antiques.
 21928 | Bazaar   | Found Biatere's Antique Armour Boutique.
 21929 | Bazaar   | Found Nudutaomn's Magic Scroll Boutique.
 21954 | Bazaar   | Bought a scroll labelled JIANLOENLE for 24 gold pieces
 21954 | Bazaar   | Bought a scroll labelled GEMOEL YNLUKOU for 24 gold pieces
 21959 | Bazaar   | Bought a scroll of teleportation for 42 gold pieces
 21959 | Bazaar   | Bought a scroll of teleportation for 42 gold pieces
 21974 | Bazaar   | Bought a scroll of teleportation for 54 gold pieces
 21993 | Bazaar   | Bought a wooden wand for 96 gold pieces
 22051 | Snake:2  | Noticed Vashnia
 22078 | Snake:2  | Killed Vashnia
 22079 | Snake:2  | Reached skill level 8 in Axes
 22079 | Snake:2  | Reached XP level 15. HP: 118/152 MP: 7/14
 22424 | Snake:2  | Noticed Saint Roka
 22950 | D:12     | Reached skill level 9 in Axes
 22951 | D:12     | Found a staircase to the Orcish Mines.
 22963 | D:12     | Noticed Gastronok
 22976 | D:12     | Killed Gastronok
 23138 | D:12     | Received a gift from Trog
 23173 | D:12     | Got the Elucidation of the Entourage
 23276 | D:12     | Found a basalt altar of Yredelemnul.
 23869 | D:12     | Reached skill level 10 in Axes
 23875 | D:12     | Noticed a frost giant
 23892 | D:12     | Killed a frost giant
 24191 | D:13     | Found a gate leading to a gauntlet.
 24200 | D:13     | Identified the +3 chain mail of Tuxzucho {rC+ Str+3}
 24222 | Gauntlet | Entered a Gauntlet
 24222 | Gauntlet | Found a transporter.
 24225 | Gauntlet | Found a transporter.
 24227 | Gauntlet | Found a transporter.
 24241 | Gauntlet | Found a transporter.
 24243 | Gauntlet | Found a transporter.
 24275 | Gauntlet | Found a transporter.
 24289 | Gauntlet | Found a transporter.
 24291 | Gauntlet | Found a transporter.
 24320 | Gauntlet | Found a transporter.
 24336 | Gauntlet | Found a transporter.
 24350 | Gauntlet | Found a transporter.
 24370 | Gauntlet | Found a transporter.
 24383 | Gauntlet | Found a transporter.
 24393 | Gauntlet | Found a transporter.
 24568 | Gauntlet | Identified the +0 pair of gloves "Jioff" {*Slow Will+
                  | Str+3}
 24572 | Gauntlet | Identified the ring "Arghuur" {rC- rN+ rCorr Str+6 Dex+3}
 24618 | Gauntlet | Identified the staff of poison "Huli Asota" {rElec rPois}
 24856 | D:13     | Found Toss's Antique Armour Boutique.
 24925 | D:13     | Reached skill level 11 in Axes
 25081 | Orc:1    | Entered Level 1 of the Orcish Mines
 25274 | Orc:1    | Noticed Erolcha
 25289 | Orc:1    | Identified the +3 morningstar of the Swamp {heavy, rCorr
                  | Stlth+} (Trog gifted it to you on level 1 of the Orcish
                  | Mines)
 25289 | Orc:1    | Received a gift from Trog
 25295 | Orc:1    | Killed Erolcha
 25391 | Orc:1    | Found a burning altar of Makhleb.
 25551 | Orc:2    | Entered Level 2 of the Orcish Mines
 25661 | Orc:2    | Found a staircase to the Elven Halls.
 25817 | Orc:2    | Found Kerelen's General Store.
 25844 | Orc:2    | Found Ytoumakh's Antique Armour Boutique.
 25888 | Orc:2    | Bought a scroll of blinking for 90 gold pieces
 26096 | Orc:2    | Reached skill level 12 in Axes
 26096 | Orc:2    | Received a gift from Trog
 26337 | Orc:2    | Found Lezowede's Antique Weapon Shoppe.
 26369 | Orc:2    | Bought the +5 Lochaber axe {reach-cleave, Poleaxe Drain}
                  | for 814 gold pieces
 26369 | Orc:2    | Found the +5 Lochaber axe {reach-cleave, Poleaxe Drain}
 26514 | Orc:2    | Found Juysyonyux's Book Boutique.
 26529 | Orc:2    | Noticed Josephine
 26536 | Orc:2    | Killed Josephine
 27027 | Snake:2  | Killed Saint Roka
 27028 | Snake:2  | Reached XP level 16. HP: 124/162 MP: 15/15
 27120 | Snake:2  | Reached skill level 13 in Axes
 27828 | D:4      | Bought the ring of Ywnu {rElec Will+ Int+3 SInv Stlth+} for
                  | 437 gold pieces
 28065 | Snake:2  | Reached skill level 5 in Dodging
 28238 | Snake:1  | Killed Makhoz's ghost
 28374 | Swamp:1  | Entered Level 1 of the Swamp
 28492 | Swamp:1  | Reached skill level 14 in Axes
 28492 | Swamp:1  | Received a gift from Trog
 28825 | Swamp:1  | Reached skill level 15 in Axes
 28830 | Swamp:1  | Noticed a thorn hunter
 28839 | Swamp:1  | Killed a thorn hunter
 28993 | Swamp:1  | Identified the +2 pair of boots of True Grit {rPois Str+5}
 29508 | Swamp:2  | Reached skill level 16 in Axes
 29732 | Swamp:2  | Received a gift from Trog
 30224 | Swamp:3  | Reached skill level 17 in Axes
 30432 | Swamp:3  | Reached XP level 17. HP: 171/171 MP: 16/16
 30880 | Swamp:4  | Entered Level 4 of the Swamp
 30923 | Swamp:4  | Noticed Roxanne
 31183 | Swamp:4  | Reached skill level 18 in Axes
 31246 | Swamp:4  | Received a gift from Trog
 31550 | Swamp:4  | Got a decaying rune of Zot
 31755 | Swamp:4  | Killed Roxanne
 31756 | Swamp:4  | Reached skill level 19 in Axes
 32426 | Snake:3  | Identified the +0 kite shield "Xehucom" {Dex+5}
 32426 | Snake:3  | Noticed Donald
 32436 | Snake:3  | Killed Donald
 33093 | Snake:4  | Entered Level 4 of the Snake Pit
 33250 | Snake:4  | Identified the +4 hand axe of the Wasp {heavy, rF+} (Trog
                  | gifted it to you on level 4 of the Snake Pit)
 33250 | Snake:4  | Received a gift from Trog
 33325 | Snake:3  | Identified a scroll of acquirement
 33327 | Snake:3  | Acquired 878 gold pieces
 33677 | Snake:4  | Reached skill level 20 in Axes
 34165 | Snake:4  | Reached XP level 18. HP: 180/180 MP: 17/17
 34308 | Snake:4  | Received a gift from Trog
 34322 | Snake:4  | Got a serpentine rune of Zot
 34952 | D:14     | Reached skill level 21 in Axes
 35053 | D:14     | Got the Precepts of Poisonous Abominable Arts
 35135 | D:14     | Identified the +1 helmet of Disguise {-Cast rC+ Str+2}
 35290 | D:14     | Found a gate to the Vaults.
 35426 | D:15     | Entered Level 15 of the Dungeon
 35510 | D:15     | Found a staircase to the Depths.
 35703 | D:15     | Reached skill level 5 in Throwing
 35834 | D:15     | Received a gift from Trog
 36172 | Vaults:1 | Entered Level 1 of the Vaults
 36182 | Vaults:1 | Got the Quarto of Different Frostbite
 36376 | Vaults:1 | Reached skill level 22 in Axes
 36435 | Vaults:1 | Noticed a Hell Sentinel
 36611 | Vaults:1 | Got Mapeful's Secrets of Company and Evolution
 36616 | Vaults:1 | Got the Information on Cooperative Air
 36994 | Vaults:1 | Received a gift from Trog
 37438 | Vaults:2 | Reached skill level 23 in Axes
 37444 | Vaults:2 | Reached XP level 19. HP: 70/189 MP: 18/18
 37447 | Vaults:2 | Shot with a bolt by a yaktaur captain

Illustrated notes

Levels and vault maps discovered:
D:1:      sevenhm_arrival_forest_fort_small_4, layout_basic, serial_shops, shop,
          basic_ecumenical_altar
D:2:      layout_basic, uniq_sigmund
D:3:      layout_basic, gammafunk_ghost_gnarly_gnolls, serial_shops, shop,
          uniq_robin
D:4:      layout_rooms, minmay_temple_entry_junction, serial_shops,
          nicolae_shop_rolling_square
D:5:      layout_basic, cheibrodos_sewer_entry_sluice, minivault_11,
          nicolae_half_adder
D:6:      layout_rooms, nicolae_overflow_crystal_walls,
          mainiacjoe_overflow_big_doors, nicolae_dithmenos_shadow_blocks,
          kennysheep_flooded_box, chequers_serial_rivers_small_a, uniq_grinder
D:7:      layout_loops_ring, st_stairs_12, supply_closet_lemuel,
          amethyst_killhole, corexii_leaking_fountain, minmay_stone_trees_small
D:8:      layout_rooms, serial_shops, shop, amcnicky_mini_corridor_feature,
          feat_on_display
D:9:      layout_basic, mainiacjoe_overflow_catwalk, dpeg_lair_monsters
D:10:     layout_loops_corners
D:11:     minmay_the_grid_triangle_9x9_rhombus_thin_mashed
          [minmay_the_grid_triangle_9x9_sparse_checkered,
          minmay_the_grid_triangle_9x9_prize_center,
          minmay_the_grid_triangle_9x9_skeleton,
          minmay_the_grid_triangle_9x9_empty], layout_basic,
          kennysheep_generic_room_12
D:12:     kennysheep_green_arena, layout_cave_pods, erik_orc_4,
          yredelemnul_forgotten_temple_becter, uniq_gastronok
D:13:     layout_roguey, serial_shops, nicolae_shop_tiny_waterfront,
          gauntlet_entry_generic
D:14:     layout_basic, david_vaults_4, roderic_filled_cross
D:15:     gammafunk_depths_entry_grave, layout_loops_ring,
          minmay_misc_feat_cross
Temple:   nicolae_temple_bog_church
Lair:1:   layout_regular_city
Lair:2:   layout_regular_city, nicolae_swamp_entry_splash_gauntlet,
          minivault_23, nicolae_quartered_pool_super, serial_bayou_shore_b
Lair:3:   layout_regular_city, nicolae_snake_entry_squirm, grunt_megastairs_2
Lair:4:   layout_misc_corridors, slime_entry_1, eino_house_with_fridge
Lair:5:   wormcave, layout_loops_ring, gammafunk_ghost_necromancy,
          lemuel_fruit_tree, serial_bayou_shore_b, grunt_megastairs_1,
          lemuel_fruit_fields
Swamp:1:  layout_basic_swamp, evilmike_swamp_ruin_house_4, swamp_pool4,
          nicolae_swamp_stuck_in_the_mud
Swamp:2:  nzn_winding_woodlands_medium [nzn_winding_woodlands_5x5_checkerboard,
          nzn_winding_woodlands_5x15_concentric,
          nzn_winding_woodlands_hourglass, nzn_winding_woodlands_5x5_cross,
          nzn_winding_woodlands_center_diamonds,
          nzn_winding_woodlands_5x5_open_star,
          nzn_winding_woodlands_5x5_default, nzn_winding_woodlands_5x15_eye,
          nzn_winding_woodlands_5x5_perimeter], layout_basic_swamp,
          evilmike_swamp_ruin_wall
Swamp:3:  layout_falls_marsh, evilmike_swamp_ruin_house_1
Swamp:4:  swamp_basic_johnstein, layout_basic_swamp, uniq_roxanne
Snake:1:  layout_honeycomb, ebering_ghost_rock_garden, serial_shops,
          nicolae_shop_stone, serial_bayou_shore_b, uniq_asterion
Snake:2:  layout_chambers, serial_shops, bzr_entry_dummy, uniq_saint_roka,
          uniq_vashnia
Snake:3:  layout_gridlike, grunt_megastairs_4, uniq_donald
Snake:4:  minmay_snake_end_coiled, layout_basic
Orc:1:    layout_diamond_mine, basic_altar, hangedman_feature_mirror,
          statue_in_the_mist_lemuel, uniq_erolcha
Orc:2:    grunt_orc_gardens, layout_caves, grunt_orc_garden, grunt_orc_garden,
          grunt_orc_garden, grunt_orc_garden, kennysheep_orc_chapel,
          uniq_josephine
Vaults:1: hangedman_vaults_stitches, vaults_room_grunt_arrival_ludios,
          vaults_room_stairs_pillars, v_misc_27,
          ontoclasm_vaults_loading_screen, nicolae_vaults_house_1,
          nicolae_vaults_library_corner, nicolae_vaults_tetromino_L_2,
          nicolae_vaults_little_squares_2, layout_vaults_chaotic_city
Vaults:2: nicolae_vaults_storage_room_water, grunt_vaults_trifunnel,
          nicolae_vaults_disjoint_gnomons, nicolae_vaults_trapezoid_3,
          minmay_crypt_entry_simple_round, nicolae_vaults_network_star,
          hangedman_vaults_locks, v_misc_17, nicolae_vaults_specimen_jars,
          nicolae_vaults_house_1, nicolae_vaults_diamond_2,
          nicolae_vaults_tangram_1, hangedman_vaults_pinch, v_rooms_5,
          nicolae_vaults_storage_room_statues, nicolae_vaults_diamond_1,
          layout_vaults_ring, enter_trove_3

Skill      XL: |  1  2  3  4  5  6  7  8  9 10 11 12 13 14 15 16 17 18 |
---------------+-------------------------------------------------------+-----
Axes           | 4 8 12 17 20 23 | 23.0
Fighting       | 4 6 7 8 9 10 12 15 18 19 20 21 | 21.3
Armour         | 4 5 6 7 8 9 12 13 15 16 | 16.9
Dodging        | 3 4 5 6 |  6.0
Stealth        | 1 2 3 4 5 |  5.2
Maces & Flails | 3 6 8 10 11 | 11.7
Shields        | 1 4 7 9 11 13 | 13.0
Throwing       | 1 2 3 7 |  7.1
Evocations     | 2 3 5 7 |  7.7

Action                     |  1- 3 |  4- 6 |  7- 9 | 10-12 | 13-15 | 16-18 | 19-21 || total
---------------------------+-------+-------+-------+-------+-------+-------+-------++-------
  Melee: Hand axe          |    84 |    66 |       |       |       |       |       ||   150
         Headbutt          |    12 |    17 |    60 |   144 |   287 |   181 |     2 ||   703
         Flail             |       |    36 |     7 |       |       |       |       ||    43
         Punch             |       |     1 |       |       |       |       |       ||     1
         Whip              |       |       |   344 |   253 |       |       |       ||   597
         Demon whip        |       |       |       |   281 |   426 |       |       ||   707
         War axe           |       |       |       |       |   662 |       |       ||   662
         Lochaber axe      |       |       |       |       |    32 |   901 |     3 ||   936
  Throw: Dart              |       |     2 |     1 |     4 |     1 |       |       ||     8
         Javelin           |       |       |       |       |     3 |       |       ||     3
         Boomerang         |       |       |       |       |     1 |    13 |       ||    14
 Invoke: Berserk           |     1 |     1 |     1 |       |     5 |       |       ||     8
         Trog's Hand       |       |       |       |     1 |     7 |     2 |       ||    10
         Brothers in Arms  |       |       |       |       |     1 |     2 |     1 ||     4
  Evoke: Wand              |       |       |       |       |       |     6 |       ||     6
    Use: Scroll            |     2 |     3 |     6 |     7 |    14 |     4 |       ||    36
   Stab: Distracted        |       |       |     5 |     2 |       |     1 |       ||     8
         Sleeping          |       |       |     1 |     1 |     1 |       |       ||     3
 Armour: Animal skin       |     6 |       |       |       |       |       |       ||     6
         Plate armour      |    54 |     7 |       |    57 |    13 |       |       ||   131
         Ring mail         |       |    62 |   136 |    88 |    94 |       |       ||   380
         Ice dragon scales |       |       |       |       |   114 |       |       ||   114
         Chain mail        |       |       |       |       |   291 |   724 |     3 ||  1018
  Dodge: Dodged            |    32 |    85 |   149 |   127 |   360 |   567 |     2 ||  1322
  Block: Kite shield       |       |       |   198 |   251 |   703 |       |       ||  1152
